Construct Infanterie Kompanie
Selects Luftwaffe Battlegroup
Selects Luftwaffe Pioneer Support
Fallschirmpioneer Squad Paradrop
Fallschirmpioneer Squad Paradrop
Construct Luftwaffe Kompanie
Selects LG40 Recoilless Gun Paradrop
LG40 Recoilless Gun Paradrop
Fallschirmpioneer Squad Paradrop
Selects Reconnaissance Run
Luftwaffe Officer Quarters
Infanterie Officer Quarters
Selects Fallschirmjäger Squad Paradrop
Fallschirmjäger Squad Paradrop
Fallschirmjäger Squad Paradrop
Construct Panzer Kompanie
Fallschirmpioneer Squad Paradrop